 Dungeon Crawl Stone Soup version 0.19-a0-1879-gd95bc26 (webtiles) character file.

511 Naow the Magician (level 6, -3/32 HPs)
             Began as a Deep Elf Conjurer on Oct 14, 2016.
             Killed from afar by an orc wizard (11 damage)
             ... with a puff of frost
             ... on level 5 of the Dungeon.
             The game lasted 00:16:44 (5308 turns).

Naow the Magician (Deep Elf Conjurer)               Turns: 5308, Time: 00:16:44

Health: -3/32      AC:  8    Str:  8    XL:     6   Next: 99%
Magic:  4/15       EV: 13    Int: 22    God:
Gold:   270        SH:  5    Dex: 15    Spells: 3 memorised, 5 levels left

rFire  . . .     SeeInvis .     e - +0 dagger
rCold  . . .     Gourm    .     B - +0 robe {rN+}
rNeg   + . .     Faith    +     k - +0 buckler
rPois  .         Spirit   .     (no helmet)
rElec  .         Dismiss  .     (no cloak)
rCorr  .         Reflect  .     g - +0 pair of gloves
MR     .....     Harm     .     q - +1 pair of boots
Stlth  ++........               v - amulet of faith
                                A - +3 ring of strength
                                o - +3 ring of protection

@: very slightly contaminated
A: no striking features
a: no special abilities


You were on level 5 of the Dungeon.
You were hungry.

You visited 1 branch of the dungeon, and saw 5 of its levels.

You collected 270 gold pieces.

Inventory:

Hand Weapons
 e - a +0 dagger (weapon)
Armour
 a - a +0 robe
 g - a +0 pair of gloves (worn)
 k - a +0 buckler (worn)
 q - a +1 pair of boots (worn)
 B - a +0 robe of positive energy (worn)
Jewellery
 o - a +3 ring of protection (left hand)
 v - an amulet of faith (around neck)
 A - a +3 ring of strength (right hand)
Wands
 x - a wand of enslavement (7/24)
Scrolls
 d - 3 scrolls of fear
 j - a scroll of noise {unknown}
 l - 7 scrolls of identify {unknown}
 m - 2 scrolls of recharging {unknown}
 n - 4 scrolls of amnesia {unknown}
 r - 4 scrolls of magic mapping {unknown}
 y - 3 scrolls of remove curse {unknown}
 C - a scroll of teleportation {unknown}
Potions
 f - 2 potions of ambrosia {unknown}
 h - 4 potions of lignification {unknown}
 p - a potion of degeneration {unknown}
 s - a potion of heal wounds {unknown}
 t - 4 potions of curing {unknown}
 u - a potion of brilliance {unknown}
 w - a potion of magic {unknown}
Books
 b - a book of Conjurations

   Spells                             Type                      Level
   a - Magic Dart                     Conjuration                  1
   b - Searing Ray                    Conjuration                  2
   c - Dazzling Spray                 Conjuration/Hexes            3
   d - Fulminant Prism                Conjuration/Hexes            4
   e - Iskenderun's Mystic Blast      Conjuration                  4
   f - Iskenderun's Battlesphere      Conjuration/Charms           5
Comestibles
 c - 5 bread rations
 i - 2 meat rations
 z - a beef jerky


   Skills:
 - Level 2.4 Dodging
 - Level 2.4 Stealth
 - Level 4.1 Shields
 - Level 5.3 Spellcasting
 + Level 5.0 Conjurations
 - Level 4.4 Charms


You had 5 spell levels left.
You knew the following spells:

 Your Spells              Type           Power        Failure   Level  Hunger
a - Magic Dart            Conj           ####         1%          1    None
b - Iskenderun's Battles  Conj/Chrm      ####....     38%         5    #####..
c - Iskenderun's Mystic   Conj           ####....     14%         4    ####...


Dungeon Overview and Level Annotations

Branches:
Dungeon (5/15)
 Temple: D:4-7

Altars:
Hepliaklqana
Kikubaaqudgha
Makhleb
Okawaru
Qazlal
Ru
Trog
Xom
Zin
The Shining One

Shops:
D:5 :


Message History

Confirm with . or Enter, or press ? or * to list all spells.
Aiming: Magic Dart
Press: ? - help, Shift-Dir - straight line, f/p - hound zombie
Aim: a hound zombie (almost destroyed)
The magic dart hits the hound zombie.
You destroy the hound zombie!
Your Conjurations skill increases to level 5!
You start resting.
An orc wizard comes into view. It is wielding a dagger.
You are feeling hungry.
The orc wizard gestures at you while chanting.
The puff of frost hits you!
* * * LOW HITPOINT WARNING * * *
An orc priest comes into view.
It is wielding a falchion of protection.
The orc priest calls down the wrath of Beogh upon you.
Pain shoots through your body!
* * * LOW HITPOINT WARNING * * *
The orc wizard points at you and mumbles some strange words.
The puff of frost hits you!
You die...

.#####.#####.........#
#.####..............>##
##.....#####.........o#########.
#.####.# ##.#...####..........
.## #.# #....o.# ##.########. .#
#.# ###...####..##.o.o... .# #.#
###..###.#.##.####.. .. ..#
#####...#....o..#.# .. .# ###
#......@..#.......# .. ##
#.###.###.......### .. #.# #.#
##.#.#.## .. #.# #(# #.#.#.# #.
#.# #.# #.#.#.. . #.# #.#
#.#.#### #.# #.# #.... #.# #.#
#.........#


You could see an orc priest and an orc wizard.

Vanquished Creatures
  A phantom (D:5)
  A scorpion (D:3)
  A howler monkey (D:4)
  A hound (D:5)
  2 iguanas
  A hound zombie (D:5)
  A hound skeleton (D:4)
  2 adders (D:2)
  7 gnolls (D:2)
  A shadow imp (D:4)
  3 oozes
  An adder skeleton (D:4)
  7 dart slugs
  3 leopard geckos
  4 orcs
  4 bat zombies (D:4)
  10 giant cockroaches
  3 goblins
  6 hobgoblins
  6 jackals
  A quokka (D:2)
  A ball python (D:1)
  7 bats
  5 frilled lizards
  10 kobolds
  2 quokka skeletons
  A quokka zombie (D:5)
  10 rats
  2 rat zombies (D:4)
104 creatures vanquished.

Vanquished Creatures (others)
  A worm (D:3)
  A hobgoblin (D:3)
2 creatures vanquished.

Grand Total: 106 creatures vanquished

Notes
Turn   | Place    | Note
-------+----------+-------------------------------------------
     0 | D:1      | Naow the Deep Elf Conjurer began the quest for the Orb.
     0 | D:1      | Reached XP level 1. HP: 10/10 MP: 6/6
   251 | D:1      | Reached XP level 2. HP: 14/15 MP: 5/9
   507 | D:1      | Reached XP level 3. HP: 15/19 MP: 0/11
   804 | D:1      | Reached skill level 5 in Spellcasting
  1318 | D:2      | Found an iron altar of Okawaru.
  1448 | D:2      | Reached skill level 1 in Shields
  1507 | D:2      | Reached XP level 4. HP: 24/24 MP: 4/13
  2048 | D:2      | Found a bloodstained altar of Trog.
  2145 | D:2      | Reached XP level 5. HP: 28/28 MP: 9/14
  2222 | D:2      | Learned a level 5 spell: Iskenderun's Battlesphere
  2227 | D:2      | Learned a level 4 spell: Iskenderun's Mystic Blast
  2368 | D:3      | Found a stormy altar of Qazlal.
  2445 | D:3      | Found a burning altar of Makhleb.
  2445 | D:3      | Noticed a blizzard demon
  2609 | D:3      | Found a shimmering altar of Xom.
  2611 | D:3      | Found an ancient bone altar of Kikubaaqudgha.
  2611 | D:3      | Found a sacrificial altar of Ru.
  2613 | D:3      | Found a glowing silver altar of Zin.
  2613 | D:3      | Found a hazy altar of Hepliaklqana.
  2613 | D:3      | Found a glowing golden altar of the Shining One.
  3728 | D:4      | Noticed an ogre
  3908 | D:3      | Reached XP level 6. HP: 32/32 MP: 4/15
  4724 | D:4      | Found an ancient bone altar of Kikubaaqudgha.
  4911 | D:5      | Entered Level 5 of the Dungeon
  4927 | D:5      | Found Toffam's Book Emporium.
  5281 | D:5      | Reached skill level 5 in Conjurations
  5308 | D:5      | Killed from afar by an orc wizard

Vault maps used:
D:1:      dpeg_arrival_simpleton_b, minmay_pentomino_r4
D:2:      old_standard_altar, overflow_temple_1_default
D:3:      minmay_wonky_spiral, doesnt_xom_only_xom, makhleb_altar_promises_db,
          grunt_qazlal_clouds
D:4:      lemuel_zombie_altar_kikubaaqudgha
D:5:      tso_altar, serial_shops, nicolae_shop_statue_plus, nicolae_shop_stone,
          first_bread, serial_bayou_ford_a

Skill      XL: |  1  2  3  4  5  6 |
---------------+-------------------+-----
Spellcasting   | 4 5 |  5.3
Shields        | 1 2 4 |  4.1
Charms         | 4 |  4.4
Conjurations   | 5 |  5.0
Dodging        | |  2.4
Stealth        | |  2.4

Action                   |  1- 3 |  4- 6 || total
-------------------------+-------+-------++-------
Melee: Dagger            |    15 |     4 ||    19
 Cast: Magic Dart        |    77 |   204 ||   281
       Iskenderun's Myst |       |    14 ||    14
Evoke: Wand              |       |     3 ||     3
  Use: Scroll            |       |     1 ||     1
 Stab: Sleeping          |     1 |       ||     1
  Eat: Chunk             |     2 |     9 ||    11
       Bread ration      |       |     1 ||     1
Armor: Robe              |     6 |    22 ||    28
Dodge: Dodged            |    16 |    62 ||    78
Block: Buckler           |       |    12 ||    12
